[Event "December 5 Late 2023"]
[Site "https://www.chess.com"]
[Date "2023.12.05"]
[Round "3"]
[White "Della Morte, German"]
[Black "Maltsevskaya, Aleksandra"]
[Result "1-0"]
[Board "90"]
[TimeControl "180+1"]
[WhiteFideId "113522"]
[BlackFideId "24174041"]
[WhiteElo "2423"]
[BlackElo "2616"]
[WhiteTeam "ARG"]
[BlackTeam "POL"]
[WhiteClock "0:02:26"]
[BlackClock "0:00:00"]

1. e4 c5 2. Nc3 Nc6 3. g3 g6 4. Bg2 Bg7 5. d3 e6 6. f4 b6 7. Nf3 Nge7 8. O-O d5 9. e5 Bb7 10. Ne2 Qc7 11. c3 h6 12. d4 g5 13. fxg5 hxg5 14. Nxg5 Nf5 15. Bh3 O-O-O 16. Bxf5 exf5 17. Rxf5 cxd4 18. cxd4 Bxe5 19. dxe5 d4 20. Nxf7 Qd7 21. Nd6+ Kb8 22. Rf7 Qh3 23. Rxb7+ Ka8 24. Bf4 Qxh2+ 25. Kf1 Qh3+ 26. Ke1 d3 27. Qxd3 Qh1+ 28. Kd2 Qxa1 29. Rc7 Qxb2+ 30. Ke3 1-0

[Event "December 5 Late 2023"]
[Site "https://www.chess.com"]
[Date "2023.12.05"]
[Round "3"]
[White "Mendes Aaron Reeve"]
[Black "Lopusiewicz, Piotr"]
[Result "1-0"]
[Board "91"]
[TimeControl "180+1"]
[WhiteFideId "25954938"]
[BlackFideId "1116029"]
[WhiteElo "2616"]
[BlackElo "2428"]
[WhiteTeam "CAN"]
[BlackTeam "POL"]
[WhiteClock "0:01:51"]
[BlackClock "0:00:50"]

1. b3 d5 2. Nf3 Bf5 3. Bb2 e6 4. d3 h6 5. Nbd2 Nf6 6. g3 Be7 7. Bg2 O-O 8. O-O c5 9. Re1 Bh7 10. e4 d4 11. Ne5 Nbd7 12. Nxd7 Qxd7 13. f4 e5 14. fxe5 Ng4 15. Bh3 h5 16. Rf1 Bg5 17. Nf3 Be3+ 18. Kg2 Qe7 19. Bxg4 hxg4 20. Nh4 Qxe5 21. Qxg4 a5 22. Nf5 Ra6 23. Nxe3 Rg6 24. Nc4 Qc7 25. Qf4 Qc8 26. c3 f5 27. cxd4 Rg4 28. Qe5 f4 29. Qd5+ Kh8 30. Ne5 f3+ 31. Rxf3 Rxf3 32. Kxf3 Qf8+ 33. Kxg4 1-0

[Event "December 5 Late 2023"]
[Site "https://www.chess.com"]
[Date "2023.12.05"]
[Round "3"]
[White "Play, Gilles"]
[Black "Gubajdullin, Alexei"]
[Result "0-1"]
[Board "92"]
[TimeControl "180+1"]
[WhiteFideId "45130892"]
[BlackFideId "4141202"]
[WhiteElo "2422"]
[BlackElo "2609"]
[WhiteTeam "FRA"]
[BlackTeam "RUS"]
[WhiteClock "0:00:00"]
[BlackClock "0:00:14"]

1. e4 g6 2. d4 Bg7 3. Nc3 d6 4. f4 a6 5. Nf3 b5 6. Be3 Nd7 7. e5 c5 8. dxc5 dxc5 9. Qd5 Rb8 10. O-O-O b4 11. Ne4 Bb7 12. Qc4 Qa5 13. Nfg5 Nh6 14. Rxd7 Kxd7 15. Nxc5+ Ke8 16. Nxb7 Qb5 17. Qxb5+ axb5 18. Bxb5+ Kf8 19. Rd1 Nf5 20. Ba7 Ra8 21. Bc4 Bh6 22. Rd8+ Rxd8 23. Nxd8 Bxg5 24. fxg5 Kg7 25. Nxf7 Rc8 26. Bb3 Nh4 27. Nh6 Nxg2 28. Bd4 Nf4 29. Kd2 Rd8 30. Ke3 Ng2+ 31. Ke4 Kf8 32. Bc5 Rd1 33. Ng8 Re1+ 34. Kf3 Nh4+ 35. Kg4 Nf5 36. Nf6 Kg7 37. Ne8+ Kf8 38. Nc7 Rxe5 39. Kf4 Re2 40. Ne6+ Ke8 41. Bxb4 Rxh2 42. a4 Rh4+ 43. Ke5 Rxb4 44. a5 Rb5+ 45. Bd5 Rxa5 46. b4 Ra1 47. b5 Rb1 48. c4 Nd6 49. Bc6+ Kf7 50. Kd4 Rb4 51. Nd8+ Kg7 52. Bd5 h5 53. gxh6+ Kxh6 54. Nc6 Rb1 55. Nxe7 g5 56. Ke5 Nxb5 57. cxb5 Rxb5 0-1

[Event "December 5 Late 2023"]
[Site "https://www.chess.com"]
[Date "2023.12.05"]
[Round "3"]
[White "Poltorak, Sebastian"]
[Black "Stalri"]
[Result "1-0"]
[Board "93"]
[TimeControl "180+1"]
[WhiteFideId "1199498"]
[WhiteElo "2608"]
[BlackElo "2417"]
[WhiteTeam "POL"]
[WhiteClock "0:00:36"]
[BlackClock "0:00:16"]

1. e4 Nc6 2. Nc3 d6 3. d4 Nf6 4. Nge2 e5 5. f3 g6 6. Bg5 Bg7 7. Qd2 O-O 8. O-O-O a6 9. h4 h5 10. Nd5 exd4 11. Nxd4 Nxd4 12. Nxf6+ Bxf6 13. Bxf6 Qxf6 14. Qxd4 Qxd4 15. Rxd4 Be6 16. Be2 Kg7 17. Rhd1 Rfe8 18. b3 Re7 19. Bc4 Rae8 20. Bxe6 fxe6 21. c4 Kf6 22. Kd2 g5 23. hxg5+ Kxg5 24. Ke3 e5 25. Rd5 Rg8 26. c5 dxc5 27. Rxc5 c6 28. Rd6 Rg6 29. f4+ Kh6 30. Rxe5 Rg7 31. Ree6 Rxe6 32. Rxe6+ Kh7 33. Kf3 Rd7 34. e5 Kg7 35. Rd6 Re7 36. Ke4 h4 37. f5 Kf8 38. Rf6+ Kg8 39. e6 Kg7 40. Rg6+ Kh7 41. Ke5 Re8 42. Rg4 Kh6 43. f6 Kh5 44. Rf4 Kg6 45. f7 Rf8 46. e7 Rxf7 47. e8=Q Kh6 48. Qxf7 1-0

[Event "December 5 Late 2023"]
[Site "https://www.chess.com"]
[Date "2023.12.05"]
[Round "3"]
[White "Omelja, Artem"]
[Black "Balla, Tamas-Kristof"]
[Result "1-0"]
[Board "94"]
[TimeControl "180+1"]
[WhiteFideId "14119846"]
[BlackFideId "1208497"]
[WhiteElo "2608"]
[BlackElo "2415"]
[WhiteTeam "UKR"]
[BlackTeam "ROU"]
[WhiteClock "0:01:08"]
[BlackClock "0:00:17"]

1. d4 d5 2. c4 e6 3. Nf3 c5 4. cxd5 exd5 5. g3 Nc6 6. Bg2 Nf6 7. O-O Be6 8. Nc3 Be7 9. Be3 c4 10. Ne5 O-O 11. Nxc4 dxc4 12. d5 Nxd5 13. Nxd5 Bd6 14. Qa4 Ne5 15. Rfd1 Ng4 16. Bf4 Bxf4 17. Nxf4 Qb6 18. e3 Rad8 19. Qc2 Ne5 20. Qc3 Nd3 21. Nxd3 cxd3 22. Be4 Bd5 23. Bxd3 Bf3 24. Rd2 Qe6 25. Bf1 Rd5 26. Rc1 Rh5 27. Qc4 Qh6 28. h4 g5 29. Rd4 g4 30. Rf4 Qg6 31. Bd3 Qb6 32. Rxg4+ Bxg4 33. Qxg4+ 1-0

[Event "December 5 Late 2023"]
[Site "https://www.chess.com"]
[Date "2023.12.05"]
[Round "3"]
[White "Skaric, Djuro"]
[Black "Skatchkov, Valery"]
[Result "0-1"]
[Board "95"]
[TimeControl "180+1"]
[WhiteFideId "934569"]
[BlackFideId "24195812"]
[WhiteElo "2415"]
[BlackElo "2604"]
[WhiteTeam "SRB"]
[BlackTeam "RUS"]
[WhiteClock "0:01:21"]
[BlackClock "0:00:55"]

1. g3 e5 2. Bg2 d5 3. d3 Bd6 4. Nf3 Nf6 5. O-O O-O 6. Nc3 c6 7. e4 h6 8. h3 Be6 9. Nd2 Qc8 10. Kh2 Qc7 11. Nf3 Nbd7 12. Nh4 Rad8 13. Nf5 Bxf5 14. exf5 Rfe8 15. Kh1 e4 16. dxe4 dxe4 17. Be3 Bc5 18. Qe2 Bxe3 19. Qxe3 Qe5 20. Rad1 Qxf5 21. Qxa7 Nc5 22. g4 Qe5 23. Rfe1 Rxd1 24. Nxd1 h5 25. Ne3 hxg4 26. Nxg4 Nxg4 27. hxg4 Re6 28. b3 Qc3 29. Re3 Rh6+ 30. Kg1 Qa1+ 31. Bf1 Rh1+ 32. Kxh1 Qxf1+ 33. Kh2 Qxf2+ 34. Kh1 Qxe3 35. Qb8+ Kh7 36. Qh2+ Qh6 0-1

[Event "December 5 Late 2023"]
[Site "https://www.chess.com"]
[Date "2023.12.05"]
[Round "3"]
[White "Blanco Diez, David"]
[Black "Dyachuk, Artem"]
[Result "0-1"]
[Board "96"]
[TimeControl "180+1"]
[WhiteFideId "32032927"]
[BlackFideId "34107924"]
[WhiteElo "2414"]
[BlackElo "2602"]
[WhiteTeam "ESP"]
[BlackTeam "UKR"]
[WhiteClock "0:00:00"]
[BlackClock "0:01:16"]

1. e4 e5 2. Nf3 Nc6 3. Bc4 Nf6 4. d3 h6 5. c3 d6 6. h3 g5 7. Nbd2 Bg7 8. Nf1 Be6 9. Ne3 Qd7 10. b3 O-O-O 11. a4 d5 12. exd5 Nxd5 13. Nxd5 Bxd5 14. O-O Bxc4 15. bxc4 Qxd3 16. Be3 Qxc4 17. Qc2 Qd3 18. Qb3 Qd5 19. Qc2 e4 20. Nd4 Nxd4 21. cxd4 f5 22. Rfc1 Rd7 23. a5 f4 24. Bd2 Bxd4 25. Bc3 e3 26. Bxd4 Qxd4 27. fxe3 Qxe3+ 28. Kh1 f3 29. a6 Qe2 30. axb7+ Kb8 31. gxf3 Qxf3+ 32. Qg2 Qxg2+ 33. Kxg2 Rd6 34. Re1 Kxb7 35. Re7 Rhd8 36. Rc1 R8d7 0-1

[Event "December 5 Late 2023"]
[Site "https://www.chess.com"]
[Date "2023.12.05"]
[Round "3"]
[White "Olenik Campa, Rudi"]
[Black "Zimmermann, Ulrich"]
[Result "1/2-1/2"]
[Board "97"]
[TimeControl "180+1"]
[WhiteFideId "14633264"]
[BlackFideId "24654523"]
[WhiteElo "2600"]
[BlackElo "2414"]
[WhiteTeam "SLO"]
[BlackTeam "GER"]
[WhiteClock "0:02:07"]
[BlackClock "0:00:29"]

1. e4 c5 2. Nf3 g6 3. c3 Bg7 4. d4 Qc7 5. d5 d6 6. a4 Nf6 7. Bd3 O-O 8. O-O e6 9. c4 exd5 10. exd5 Na6 11. Nc3 Bg4 12. h3 Bxf3 13. Qxf3 Nd7 14. Nb5 Ne5 15. Qe2 Qd8 16. f4 Nxd3 17. Qxd3 Nb4 18. Qb1 a6 19. Nc3 Qh4 20. Be3 Rae8 21. Bf2 Qxf4 22. Bxc5 Bd4+ 23. Kh1 Qxf1+ 24. Qxf1 Bxc5 25. Re1 Nc2 26. Rxe8 Rxe8 27. Qd3 Re1+ 28. Kh2 Bg1+ 29. Kh1 Bf2+ 30. Kh2 Bg1+ 31. Kh1 Bf2+ 32. Kh2 Bg1+ 1/2-1/2

[Event "December 5 Late 2023"]
[Site "https://www.chess.com"]
[Date "2023.12.05"]
[Round "3"]
[White "Bochnicka, Vladimir"]
[Black "Van Dael, Siem"]
[Result "0-1"]
[Board "98"]
[TimeControl "180+1"]
[WhiteFideId "14943450"]
[BlackFideId "1049771"]
[WhiteElo "2413"]
[BlackElo "2597"]
[WhiteTeam "SVK"]
[BlackTeam "NED"]
[WhiteClock "0:00:14"]
[BlackClock "0:01:13"]

1. e4 c5 2. Nf3 d6 3. Bb5+ Bd7 4. Bxd7+ Nxd7 5. O-O Ngf6 6. Nc3 e6 7. Re1 Be7 8. d4 cxd4 9. Nxd4 O-O 10. Ndb5 Ne5 11. Bf4 a6 12. Nd4 Ng6 13. Bg3 Rc8 14. Qd2 b5 15. a3 Qb6 16. Rad1 Rfd8 17. Kh1 Nh5 18. Qe2 Nxg3+ 19. hxg3 Bf6 20. Qe3 Ne5 21. Nf5 Qxe3 22. Nxe3 Nc4 23. Nxc4 Rxc4 24. e5 dxe5 25. Rxd8+ Bxd8 26. Rxe5 Bf6 27. Re3 Bxc3 28. bxc3 Kf8 29. Kg1 Ke7 30. Kf1 Ra4 31. Re5 Kd6 32. Rh5 h6 33. Ke2 Rxa3 34. Kd3 Ra4 35. f4 Rc4 36. Re5 Rc5 37. Re4 a5 38. Re1 b4 39. cxb4 axb4 40. Rb1 Rc3+ 41. Ke4 Kc5 0-1

[Event "December 5 Late 2023"]
[Site "https://www.chess.com"]
[Date "2023.12.05"]
[Round "3"]
[White "Matthes, Aaron"]
[Black "Toropov, Pavel"]
[Result "0-1"]
[Board "99"]
[TimeControl "180+1"]
[WhiteFideId "16227310"]
[BlackFideId "24129178"]
[WhiteElo "2411"]
[BlackElo "2591"]
[WhiteTeam "GER"]
[BlackTeam "RUS"]
[WhiteClock "0:00:06"]
[BlackClock "0:00:08"]

1. Nf3 d5 2. g3 Nf6 3. Bg2 Bg4 4. O-O Nbd7 5. d4 e6 6. b3 Bd6 7. Bb2 Bxf3 8. Bxf3 O-O 9. Nd2 Qe7 10. c4 Ba3 11. Bc3 Bb4 12. Bb2 c6 13. Bg2 Rfd8 14. e3 e5 15. cxd5 Nxd5 16. Nc4 exd4 17. Qxd4 N7f6 18. Qh4 h6 19. Rad1 Rac8 20. a3 Bc3 21. Bc1 b5 22. Nd2 Nb6 23. Nf3 Rxd1 24. Rxd1 Rd8 25. Rxd8+ Qxd8 26. Nd4 c5 27. Ne2 Qd1+ 28. Bf1 Nbd5 29. Nxc3 Nxc3 30. Bb2 Nfe4 31. Bxc3 Nxc3 32. Kg2 Qxb3 33. Qd8+ Kh7 34. Bd3+ g6 35. Qf6 Qd5+ 36. Kg1 Kg8 37. Bxg6 Ne2+ 38. Kf1 Qd1+ 39. Kg2 Qg1+ 40. Kf3 fxg6 41. Qxg6+ Kf8 42. Qxh6+ Ke7 43. Kxe2 Qc1 44. Qg5+ Kd6 45. h4 c4 46. h5 Qc2+ 47. Kf3 c3 48. h6 Qd1+ 49. Kg2 c2 50. Qd8+ Kc6 51. h7 Qxd8 0-1

[Event "December 5 Late 2023"]
[Site "https://www.chess.com"]
[Date "2023.12.05"]
[Round "3"]
[White "Chor, Kevin"]
[Black "Wu, Sibo"]
[Result "1-0"]
[Board "100"]
[TimeControl "180+1"]
[WhiteFideId "2090740"]
[BlackFideId "8606048"]
[WhiteElo "2591"]
[BlackElo "2409"]
[WhiteTeam "USA"]
[BlackTeam "CHN"]
[WhiteClock "0:00:34"]
[BlackClock "0:00:00"]

1. e4 c5 2. Nf3 Nc6 3. d4 cxd4 4. Nxd4 Nf6 5. Nc3 e5 6. Ndb5 d6 7. Bg5 a6 8. Na3 b5 9. Nd5 Be7 10. Bxf6 Bxf6 11. c3 Bg5 12. g3 Rb8 13. Nc2 O-O 14. Bg2 a5 15. a3 Be6 16. O-O Ne7 17. Nde3 f6 18. f4 Bh6 19. Ng4 Bxg4 20. Qxg4 f5 21. exf5 Nxf5 22. fxe5 Ne3 23. Qe6+ Kh8 24. Nxe3 Bxe3+ 25. Kh1 dxe5 26. Qxe5 Re8 27. Qf5 Rf8 28. Qh5 Qd3 29. Rad1 Qc2 30. Rde1 Bd2 31. Re2 Rxf1+ 32. Bxf1 Rf8 33. Qf7 Rg8 34. Re8 1-0

[Event "December 5 Late 2023"]
[Site "https://www.chess.com"]
[Date "2023.12.05"]
[Round "3"]
[White "Bjelobrk, Igor"]
[Black "Zhou, Qiyu"]
[Result "0-1"]
[Board "101"]
[TimeControl "180+1"]
[WhiteFideId "4300726"]
[BlackFideId "505161"]
[WhiteElo "2590"]
[BlackElo "2408"]
[WhiteTeam "AUS"]
[BlackTeam "CAN"]
[WhiteClock "0:00:04"]
[BlackClock "0:00:20"]

1. d4 Nf6 2. c4 e6 3. g3 d5 4. Bg2 Bb4+ 5. Bd2 Be7 6. Nf3 O-O 7. O-O c6 8. Qc2 b6 9. Rd1 Ba6 10. b3 Nbd7 11. Bf4 Nh5 12. Be3 Nhf6 13. Nbd2 Rc8 14. Rac1 Ba3 15. Rb1 c5 16. dxc5 Bxc5 17. Bxc5 Nxc5 18. a4 Qe7 19. Rbc1 dxc4 20. bxc4 Bb7 21. Qa2 Rfd8 22. a5 Nce4 23. axb6 axb6 24. Nxe4 Bxe4 25. Rxd8+ Qxd8 26. Qb2 Qc7 27. Ne5 Bxg2 28. Kxg2 Ne4 29. Nd3 Nc5 30. Kg1 Rd8 31. Qa3 h5 32. h4 g6 33. Rb1 Rd4 34. Qa8+ Kh7 35. Rc1 Nxd3 36. exd3 Rxd3 37. Qe8 Qd7 38. Qb8 Qc6 39. Qf4 Kg7 40. Ra1 Rd7 41. Qe5+ f6 42. Qf4 e5 43. Qe3 Rc7 44. Rc1 Qc5 45. Qe4 b5 46. Qb1 bxc4 47. Qb8 c3 48. Ra1 c2 49. Ra8 c1=Q+ 50. Kg2 Qc6+ 51. Kh2 Q1h1# 0-1

[Event "December 5 Late 2023"]
[Site "https://www.chess.com"]
[Date "2023.12.05"]
[Round "3"]
[White "Uryupin, Igor"]
[Black "Espinoza Villanueva, Rodrigo"]
[Result "1-0"]
[Board "102"]
[TimeControl "180+1"]
[WhiteFideId "4182529"]
[BlackFideId "5140188"]
[WhiteElo "2406"]
[BlackElo "2589"]
[WhiteTeam "RUS"]
[BlackTeam "MEX"]
[WhiteClock "0:00:33"]
[BlackClock "0:00:14"]

1. d4 Nf6 2. Nf3 g6 3. h4 d5 4. Bg5 Bg7 5. Bxf6 Bxf6 6. h5 c5 7. e3 Nc6 8. hxg6 hxg6 9. Rxh8+ Bxh8 10. c3 Bg4 11. Be2 Qb6 12. Qb3 O-O-O 13. Qxb6 axb6 14. Nbd2 Bg7 15. Ng5 Bxe2 16. Kxe2 Rf8 17. Rh1 Nd8 18. Rh7 Rg8 19. f3 e6 20. f4 Kd7 21. Ndf3 Ke7 22. Ne5 Bxe5 23. fxe5 Rf8 24. a4 Nc6 25. Kd3 Na5 26. e4 cxd4 27. exd5 exd5 28. e6 dxc3 29. bxc3 Nc4 30. Kd4 Nb2 31. Ke5 Nd3+ 32. Kxd5 Nf4+ 33. Ke5 Nd3+ 34. Kd4 Nc5 35. exf7 Nxa4 36. Rg7 Nc5 37. Rxg6 Rd8+ 38. Ke5 Nd7+ 39. Kf5 Nf8 40. Rxb6 Rd5+ 41. Kg4 Rd7 42. Kh5 Rc7 43. g4 Rxc3 44. Rxb7+ Kd8 45. Rb8+ Ke7 46. Re8+ 1-0

[Event "December 5 Late 2023"]
[Site "https://www.chess.com"]
[Date "2023.12.05"]
[Round "3"]
[White "Asish Panda"]
[Black "Hoffmann, Asa"]
[Result "0-1"]
[Board "103"]
[TimeControl "180+1"]
[WhiteFideId "45012458"]
[BlackFideId "2001470"]
[WhiteElo "2587"]
[BlackElo "2405"]
[WhiteTeam "IND"]
[BlackTeam "USA"]
[WhiteClock "0:00:00"]
[BlackClock "0:00:32"]

1. e4 d6 2. g3 Nf6 3. Bg2 c6 4. Ne2 e5 5. O-O Be7 6. d4 Nbd7 7. c4 a5 8. Nbc3 O-O 9. h3 exd4 10. Nxd4 Nc5 11. b3 Re8 12. a3 Bf8 13. Re1 g6 14. Bf4 Ne6 15. Be3 Bg7 16. Qd2 Nc5 17. Bg5 Qc7 18. Rab1 Bd7 19. b4 axb4 20. axb4 Ne6 21. Be3 Nxd4 22. Bxd4 Be6 23. c5 dxc5 24. bxc5 Rad8 25. Qe3 Bc4 26. Red1 Qe7 27. Na4 Bb5 28. Nc3 Ba6 29. Kh2 h5 30. e5 Nd7 31. Qf4 Nxe5 32. Bxe5 Qxe5 33. Rxd8 Rxd8 34. Qxe5 Bxe5 35. Ne4 Kg7 36. Rb6 Rd1 37. h4 Bd4 0-1

[Event "December 5 Late 2023"]
[Site "https://www.chess.com"]
[Date "2023.12.05"]
[Round "3"]
[White "Taboas Rodriguez, Daniel"]
[Black "Buchenau, Frank"]
[Result "1-0"]
[Board "104"]
[TimeControl "180+1"]
[WhiteFideId "2208466"]
[BlackFideId "4604350"]
[WhiteElo "2577"]
[BlackElo "2405"]
[WhiteTeam "ESP"]
[BlackTeam "GER"]
[WhiteClock "0:01:53"]
[BlackClock "0:00:27"]

1. d4 e6 2. Nf3 Nf6 3. c4 b6 4. Nc3 Bb4 5. Bg5 h6 6. Bh4 Bb7 7. Nd2 Nc6 8. d5 Ne7 9. e4 Ng6 10. Bg3 Bxc3 11. bxc3 e5 12. Rb1 d6 13. Bd3 O-O 14. Nf1 Nf4 15. Ne3 Bc8 16. O-O Nd7 17. Re1 Nc5 18. Bc2 Bd7 19. Qf3 Qf6 20. Nf5 Qg5 21. Bh4 Qh5 22. g4 1-0

[Event "December 5 Late 2023"]
[Site "https://www.chess.com"]
[Date "2023.12.05"]
[Round "3"]
[White "Marchesich, Giovanni"]
[Black "Erdogan, Anil Berk"]
[Result "0-1"]
[Board "105"]
[TimeControl "180+1"]
[WhiteFideId "2824790"]
[BlackFideId "6348173"]
[WhiteElo "2405"]
[BlackElo "2575"]
[WhiteTeam "ITA"]
[BlackTeam "TUR"]
[WhiteClock "0:01:17"]
[BlackClock "0:01:33"]

1. e4 c5 2. Nf3 g6 3. d4 cxd4 4. Nxd4 Nc6 5. Be3 Nf6 6. Nc3 d5 7. Nxc6 bxc6 8. e5 Nd7 9. Bd4 Bg7 10. e6 Nf6 11. exf7+ Kxf7 12. Bd3 e5 13. Bxe5 Re8 14. f4 Ng4 15. O-O Qb6+ 16. Kh1 Nf2+ 17. Rxf2 Qxf2 18. Bxg7 Kxg7 19. h3 Re3 20. Qg1 Qxg1+ 21. Kxg1 Rb8 22. b3 Bf5 23. Nd1 Re1+ 24. Kf2 Rbe8 25. Rc1 Bxd3 26. cxd3 R8e2+ 27. Kf3 Rd2 28. Rxc6 Rxd3+ 29. Kf2 Rexd1 0-1

[Event "December 5 Late 2023"]
[Site "https://www.chess.com"]
[Date "2023.12.05"]
[Round "3"]
[White "Iskusnyh, Sergei"]
[Black "Mesquita, Eduardo Barbosa"]
[Result "1-0"]
[Board "106"]
[TimeControl "180+1"]
[WhiteFideId "4120027"]
[BlackFideId "22757163"]
[WhiteElo "2571"]
[BlackElo "2402"]
[WhiteTeam "RUS"]
[BlackTeam "BRA"]
[WhiteClock "0:00:43"]
[BlackClock "0:02:14"]

1. d4 d5 2. c4 e6 3. Nf3 Nf6 4. g3 Be7 5. Bg2 O-O 6. O-O dxc4 7. Na3 a6 8. Nxc4 b5 9. Nce5 Bb7 10. Bg5 Nbd7 11. Nxd7 Qxd7 12. Ne5 Qc8 13. Nc6 Bd6 14. Bxf6 gxf6 15. Rc1 Qd7 16. e3 f5 17. Qh5 f6 18. Rfd1 Rf7 19. Ne5 fxe5 20. Bxb7 Rb8 21. Bc6 Qe7 22. d5 Rg7 23. dxe6 f4 24. exf4 exf4 25. Re1 Rf8 26. Bg2 Rg5 27. Qh4 Rff5 28. Rcd1 f3 29. Bh3 Rh5 30. Qxe7 Bxe7 31. Bxf5 Rxf5 32. Rd7 Kf8 33. Rxc7 Bd8 34. e7+ Bxe7 35. Rcxe7 1-0

[Event "December 5 Late 2023"]
[Site "https://www.chess.com"]
[Date "2023.12.05"]
[Round "3"]
[White "Sivakumar, Shaaketh"]
[Black "PresidentLoek"]
[Result "1-0"]
[Board "107"]
[TimeControl "180+1"]
[WhiteFideId "30940176"]
[WhiteElo "2570"]
[BlackElo "2401"]
[WhiteTeam "USA"]
[WhiteClock "0:00:23"]
[BlackClock "0:00:06"]

1. Nf3 g6 2. c4 Bg7 3. g3 d6 4. Bg2 Nf6 5. d3 O-O 6. Nc3 c6 7. O-O Bg4 8. Rb1 Qc8 9. Re1 e5 10. b4 Bh3 11. Bh1 Re8 12. a4 Nbd7 13. b5 Nf8 14. a5 Ne6 15. a6 bxa6 16. bxc6 Nc5 17. Ba3 Rb8 18. Nxe5 Rxe5 19. d4 Nfe4 20. Rxb8 Qxb8 21. Nxe4 Rxe4 22. dxc5 Rxc4 23. cxd6 Be5 24. d7 Bc7 25. Be7 Bd8 26. Bxd8 Qxd8 27. Qd5 Rc2 28. Qe4 Bf5 29. Qe8+ Qxe8 30. dxe8=Q+ 1-0

[Event "December 5 Late 2023"]
[Site "https://www.chess.com"]
[Date "2023.12.05"]
[Round "3"]
[White "Ozates, Tuna"]
[Black "Haszon, David"]
[Result "1-0"]
[Board "108"]
[TimeControl "180+1"]
[WhiteFideId "6354521"]
[BlackFideId "733610"]
[WhiteElo "2568"]
[BlackElo "2398"]
[WhiteTeam "TUR"]
[BlackTeam "HUN"]
[WhiteClock "0:00:03"]
[BlackClock "0:00:00"]

1. e4 c5 2. Nf3 e6 3. d4 cxd4 4. Nxd4 Nf6 5. Nc3 Nc6 6. Be2 Bb4 7. O-O O-O 8. Nxc6 bxc6 9. e5 Bxc3 10. bxc3 Nd5 11. Bd2 f5 12. c4 Ne7 13. Bb4 Rf7 14. Bh5 g6 15. Bf3 a5 16. Bc5 Ba6 17. Qd4 g5 18. Bh5 Ng6 19. Bxg6 hxg6 20. Rfd1 g4 21. Rab1 Rb8 22. Bd6 Rxb1 23. Rxb1 Qg5 24. Ba3 Kh7 25. Bc1 Qe7 26. Rb6 Bc8 27. Rb8 Ba6 28. Ra8 Qb4 29. c3 Qxc4 30. Qxc4 Bxc4 31. Rxa5 f4 32. g3 g5 33. Ra7 Kg6 34. a4 Rf5 35. gxf4 gxf4 36. Rxd7 f3 37. Rd4 Rxe5 38. Be3 Be2 39. Rxg4+ Kf7 40. h4 Rd5 41. Kh2 Rd3 42. Bd4 c5 43. Bxc5 Rxc3 44. Be3 e5 45. Bb6 Ke6 46. a5 Ra3 47. h5 Kf5 48. Rh4 e4 49. h6 e3 50. Bxe3 Rxe3 51. fxe3 f2 52. Rf4+ 1-0

[Event "December 5 Late 2023"]
[Site "https://www.chess.com"]
[Date "2023.12.05"]
[Round "3"]
[White "Veljanoski, Andrej"]
[Black "JERO-8914"]
[Result "0-1"]
[Board "109"]
[TimeControl "180+1"]
[WhiteFideId "15003604"]
[WhiteElo "2567"]
[BlackElo "2394"]
[WhiteTeam "MKD"]
[WhiteClock "0:00:01"]
[BlackClock "0:00:26"]

1. c4 e5 2. Nc3 g6 3. g3 Bg7 4. Bg2 Nc6 5. d3 Nge7 6. Nf3 h5 7. h3 d6 8. O-O h4 9. g4 Be6 10. e4 Qd7 11. Ng5 Nd4 12. Be3 Nec6 13. a3 Bf6 14. Nxe6 Nxe6 15. Nd5 Bg7 16. b4 Ncd4 17. b5 c6 18. bxc6 bxc6 19. Nc3 O-O 20. Rb1 Rab8 21. Qd2 Nb3 22. Qa2 Nec5 23. Rfd1 Nd4 24. Bxd4 exd4 25. Ne2 Na4 26. Qc2 Nc3 27. Nxc3 dxc3 28. Rxb8 Rxb8 29. d4 c5 30. dxc5 Rb2 31. Qc1 Qc7 32. cxd6 Qc5 33. Qf4 Be5 34. d7 Bxf4 35. d8=Q+ Kg7 36. e5 Qxf2+ 0-1

[Event "December 5 Late 2023"]
[Site "https://www.chess.com"]
[Date "2023.12.05"]
[Round "3"]
[White "Fernandez Bustamante, Leancy B."]
[Black "Osmak, Yuliia"]
[Result "0-1"]
[Board "110"]
[TimeControl "180+1"]
[WhiteFideId "3523870"]
[BlackFideId "14101602"]
[WhiteElo "2390"]
[BlackElo "2567"]
[WhiteTeam "CUB"]
[BlackTeam "UKR"]
[WhiteClock "0:00:05"]
[BlackClock "0:00:17"]

1. e4 e6 2. Nf3 d5 3. e5 c5 4. c3 d4 5. Bb5+ Bd7 6. Bxd7+ Qxd7 7. c4 Nc6 8. d3 Nge7 9. Bf4 Ng6 10. Bg3 Be7 11. h4 h5 12. Nbd2 Qc7 13. Qe2 Qb6 14. Ne4 Qa5+ 15. Ned2 Bd8 16. O-O Bc7 17. a3 Qb6 18. b4 cxb4 19. axb4 Nxb4 20. Rfb1 a5 21. Nb3 O-O 22. c5 Qc6 23. Nfxd4 Qd5 24. Nb5 Bxe5 25. Bxe5 Qxe5 26. Qxe5 Nxe5 27. d4 Nec6 28. Nxa5 Nc2 29. Ra2 N2xd4 30. Nxc6 Nxc6 31. Rxa8 Rxa8 32. Nd6 Nd8 33. Nxb7 Rb8 34. c6 Nxc6 35. Rb3 Nd8 36. Nc5 Rxb3 37. Nxb3 f6 38. Nc5 Kf7 39. f3 e5 40. Kf2 Ne6 41. Ke3 Nxc5 42. g3 Ne6 43. g4 g6 44. gxh5 gxh5 45. Ke4 Kg6 46. Kd5 Nf4+ 47. Ke4 Ng2 48. f4 Nxf4 49. Kf3 Kf5 50. Kg3 e4 51. Kf2 Kg4 52. Ke3 f5 53. Kf2 Kxh4 54. Ke3 Kg4 55. Kf2 h4 56. Kg1 h3 57. Kh2 e3 58. Kg1 e2 59. Kh2 Kf3 60. Kh1 e1=Q+ 61. Kh2 Qg3+ 62. Kh1 Qg2# 0-1

[Event "December 5 Late 2023"]
[Site "https://www.chess.com"]
[Date "2023.12.05"]
[Round "3"]
[White "Grutter, Tim"]
[Black "Rodgers, Jack"]
[Result "1-0"]
[Board "111"]
[TimeControl "180+1"]
[WhiteFideId "1057472"]
[BlackFideId "3220885"]
[WhiteElo "2518"]
[BlackElo "2563"]
[WhiteTeam "NED"]
[BlackTeam "AUS"]
[WhiteClock "0:00:03"]
[BlackClock "0:00:07"]

1. d4 Nf6 2. Nc3 c5 3. d5 e5 4. e4 d6 5. f4 exf4 6. Bxf4 Be7 7. Nf3 O-O 8. Bd3 Nbd7 9. O-O a6 10. a4 Nh5 11. Be3 Re8 12. Nd2 Nhf6 13. Nc4 Nb6 14. Nxb6 Qxb6 15. a5 Qxb2 16. Qd2 c4 17. Bxc4 Qb4 18. Bd3 Nxe4 19. Nxe4 Qxd2 20. Bxd2 Bd7 21. Bf4 Bf5 22. Nxd6 Bxd3 23. Nxe8 Bc5+ 24. Rf2 Bc4 25. Nd6 Bxd5 26. Nf5 Re8 27. Rd1 Bc6 28. Nd4 Ba4 29. Kf1 f6 30. Re2 Rd8 31. Red2 Rc8 32. Nb3 Bb5+ 33. Ke1 Be7 34. Re2 Bb4+ 35. Rdd2 Bxd2+ 36. Rxd2 Kf7 37. Nd4 Bd7 38. Nf3 Re8+ 39. Kd1 Bc6 40. Rf2 Rd8+ 41. Ke1 Rc8 42. Kd2 Be4 43. Ke3 Bxc2 44. Nd4 Ba4 45. Rb2 Re8+ 46. Kd2 Re7 47. Kc3 Rd7 48. Rb6 Bd1 49. Nf5 Kg6 50. Nd6 Re7 51. Rxb7 Re2 52. Rb6 Rxg2 53. Rxa6 Be2 54. Rb6 Rf2 55. Bg3 Rf1 56. Kd2 Bf3 57. a6 Ra1 58. Nb5 Ra2+ 59. Kc3 Bh1 60. a7 Ra1 61. Bb8 h5 62. Nc7 Rc1+ 63. Kd4 Ra1 64. Ra6 Rd1+ 65. Ke3 Rb1 66. a8=Q Bxa8 67. Rxa8 Rb3+ 68. Kf2 Rb2+ 69. Kg3 h4+ 70. Kxh4 Rxh2+ 71. Kg3 Rc2 72. Ne6 Kf7 73. Nf4 g5 74. Nd5 Rd2 75. Ne3 Rd3 76. Kf3 Kg6 77. Ra6 Rb3 78. Ba7 Kh5 79. Rxf6 g4+ 80. Ke4 Rb4+ 81. Bd4 Rb5 82. Rf8 Kg6 83. Rg8+ Kf7 84. Rxg4 Rb1 85. Rf4+ Ke6 86. Rf6+ Ke7 87. Ke5 Re1 88. Rf4 Rh1 89. Re4 Kd7 90. Nf5 Rh5 91. Be3 Kc6 92. Rd4 Kb5 93. Rd5+ Kc4 94. Rc5+ Kd3 95. Bd4 Kd2 96. Rc3 Rh8 97. Ke4 Re8+ 98. Kd5 Rd8+ 99. Nd6 Rg8 100. Rh3 Rg5+ 101. Kc4 Rg8 102. Rh2+ Ke1 103. Kd3 Kf1 104. Rh1+ Kg2 105. Rg1+ Kf3 106. Rxg8 Kf4 107. Be5+ Kf3 108. Nc4 Kf2 109. Rg3 Kf1 110. Ke3 Ke1 111. Rg1# 1-0